 Dungeon Crawl Stone Soup version 0.30.0-10-gfe55d96785 (webtiles) character file.

Game seed: 1931263611202775903

157 qw the Chopper (level 5, -4/33 HPs)
             Began as a Gargoyle Cinder Acolyte on May 17, 2023.
             Was a High Priest of Ignis.
             Killed by an exploding gnoll sergeant (7 damage)
             ... ignited by their inner flame
             ... on level 3 of the Dungeon.
             The game lasted 00:01:39 (2512 turns).

qw the Chopper (Gargoyle Cinder Acolyte)            Turns: 2512, Time: 00:01:39

Health: -4/33      AC: 18    Str: 20    XL:     5   Next: 38%
Magic:  6/6        EV:  9    Int: 14    God:    Ignis [*****.]
Gold:   58         SH:  0    Dex:  5    Spells: 6/6 levels left

rFire   + . .        Y - +0 war axe
rCold   . . .        (no shield)
rNeg    + . .        d - +0 scale mail
rPois   inf          (no helmet)
rElec   +            e - +0 cloak
rCorr   .            (no gloves)
SInv    .            (no boots)
Will    .....        (no amulet) Stlth
                     (no ring)
HPRegen 0.25/turn    (no ring)
MPRegen 0.10/turn

%: no passive effects
@: fiery-armoured, very slow
A: sickness immunity, AC +4, negative energy resistance 1, electricity
resistance, torment resistance 1, petrification resistance
a: Renounce Religion, Fiery Armour, Foxfire Swarm, Rising Flame


You were on level 3 of the Dungeon.
You worshipped Ignis.
Ignis was extremely pleased with you.
You visited 1 branch of the dungeon, and saw 3 of its levels.

You collected 82 gold pieces.
You spent 24 gold pieces at shops.


Innate Abilities, Weirdness & Mutations

You are immune to sickness and miasma.
Your stone body is resilient. (AC +4)
You are immune to poison.
You resist negative energy. (rN+)
You are resistant to electric shocks. (rElec)
You are resistant to unholy torment.
You are immune to petrification.


   Skills:
 + Level 3.6 Fighting
 - Level 5.0 Axes
 - Level 1.2 Armour
 - Level 1.0 Spellcasting
 - Level 3.0 Fire Magic


You had 6 spell levels left.
You didn't know any spells.
Your spell library contained the following spells:

 Spells                   Type           Power      Damage    Failure   Level
 Scorch                   Fire           18%        2d6       34%         2

Inventory:

Hand Weapons
 b - a +0 flail
 Y - a +0 war axe (weapon)
Armour
 d - a +0 scale mail (worn)
 e - a +0 cloak (worn)
Jewellery
 k - a ring of fire
Scrolls
 g - 6 scrolls of identify
Potions
 a - a potion of curing
 h - a potion of flight {unknown}
 i - a potion of mutation
 j - a potion of heal wounds {unknown}

Dungeon Overview and Level Annotations

Branches:
Dungeon (3/15)

Altars:
Dithmenos
Elyvilon
Fedhas
Gozag
Hepliaklqana
Nemelex Xobeh
Qazlal
Trog
Xom
Zin

Shops:
D:1 ?   D:2 =

Annotations:
D:3 exclusions: 6 gnolls and howler monkey


Message History

You drop a -1 hand axe of freezing.
Things that are here:
a +3 hand axe of distortion; a +0 scale mail; the human corpse of Terence
g - 6 scrolls of identify (gained 1)
k - a ring of fire As you open the door, it creaks loudly!
There is an open door here.
There is an open door here.
Found a stone staircase leading down.
You enter the shallow water.
Moving in this stuff is going to be slow.
A gnoll sergeant comes into view. It is wielding a +3 trident of pain.
The gnoll sergeant shouts!
You hear a shout!
2506 ||| READING scroll labelled EHIYRE JACZEDD.
As you read the scroll labelled EHIYRE JACZEDD, it crumbles to dust.
The creatures around you are filled with an inner flame!
It was a scroll of immolation.
Found a book of the Hunter.
The gnoll sergeant hits you but does no damage.
You enter the shallow water.
Moving in this stuff is going to be slow.
An orc comes into view. It is wielding a +0 flail.
The gnoll sergeant hits you with a +3 trident of pain.
You slash the gnoll sergeant!
Flame seeps out of the gnoll sergeant.
The gnoll sergeant is moderately wounded.
The gnoll sergeant is engulfed in blazing flames.
Flame seeps out of the gnoll sergeant.
The gnoll sergeant hits you with a +3 trident of pain!
2512 ||| INVOKING Fiery Armour.
A protective cloak of flame settles atop you.
The gnoll sergeant is engulfed in blazing flames.
Flame seeps out of the gnoll sergeant.
The gnoll sergeant hits you with a +3 trident of pain!
The gnoll sergeant is burned by your cloak of flames.
You hear a splash. x3
The gnoll sergeant explodes!
The fiery explosion engulfs the gnoll!!!
You kill the gnoll!
The fiery explosion engulfs you! You resist.
You die...

#.... #.... #....
########
###'''o#############
.g......
..:........!.......#
~~~g~~~~
~~~...¤¤¤~~~~~~~~~~###
~~~~~~~~
~~~...¤0¤~~~~~~~~~~~~~
~~~~~~~~
~~~...¤@~~~~~~~~~~~~~~
....(...
.....................
...$...[
..............>..###
#####.##
##############.#.#
#.......#.#.#
#.#####'#####.#...#
##...........#.#.###
............'.#.#
..... ...........###.#


You could see an orc.

Vanquished Creatures
  A gnoll sergeant (D:3)
  Jessica (D:2)
  Terence (D:3)
  3 gnolls (D:3)
  3 adders (D:2)
  A dart slug (D:3)
  2 orcs (D:3)
  3 endoplasms
  3 giant cockroaches
  2 goblins
  6 hobgoblins
  9 jackals
  A quokka (D:2)
  3 ball pythons
  4 bats
  3 frilled lizards (D:1)
  4 kobolds
  8 rats
58 creatures vanquished.

Notes
Turn   | Place    | Note
-------+----------+-------------------------------------------
     0 | D:1      | qw the Gargoyle Cinder Acolyte began the quest for the Orb.
     0 | D:1      | Reached XP level 1. HP: 14/14 MP: 2/2
     0 | D:1      | 0 ||| qw: Version: 0.2-a-95-g4c1bab1
     0 | D:1      | 0 ||| qw: Game counter: 149
     0 | D:1      | 0 ||| qw: Always use a shield: true
     0 | D:1      | 0 ||| qw: God list: Okawaru
     0 | D:1      | 0 ||| qw: Allow faded altars: false
     0 | D:1      | 0 ||| qw: Do Orc after D:15 true
     0 | D:1      | 0 ||| qw: Do second Lair branch before Depths: true
     0 | D:1      | 0 ||| qw: Lair rune preference: random
     0 | D:1      | 0 ||| qw: Plans: Normal
     0 | D:1      | 0 ||| PLANNING D:1-11
   186 | D:1      | Reached skill level 3 in Axes
   213 | D:1      | Reached XP level 2. HP: 18/19 MP: 3/3
   232 | D:1      | 232 ||| Stepping ~*~*~tactically~*~*~ (stealth).
   237 | D:1      | 237 ||| Stepping ~*~*~tactically~*~*~ (stealth).
   344 | D:1      | 344 ||| Stepping ~*~*~tactically~*~*~ (stealth).
   522 | D:1      | Found Fisasm's Magic Scroll Boutique.
   530 | D:1      | 530 ||| SHOPLISTING 2 scrolls of identify (48 gold, have
                  | 39).
   530 | D:1      | 530 ||| SHOPLISTING scroll of enchant armour (90 gold, have
                  | 39).
   530 | D:1      | 530 ||| BUYING scroll of identify (24 gold).
   530 | D:1      | Bought a scroll of identify for 24 gold pieces
   898 | D:1      | Reached XP level 3. HP: 15/23 MP: 4/4
   969 | D:1      | 969 ||| UPGRADING to +0 ring mail.
   979 | D:1      | 979 ||| DROPPING +0 robe.
   980 | D:1      | 980 ||| DROPPING ring of wizardry.
   981 | D:1      | 981 ||| READING scroll labelled PUL PURHUMUGAGIA.
   982 | D:1      | 982 ||| READING scroll labelled QOOMAKK VEOTZETIXI.
  1052 | D:1      | 1052 ||| DROPPING +0 whip.
  1053 | D:1      | 1053 ||| READING scroll labelled XISAGAGITO.
  1294 | D:2      | Reached skill level 4 in Axes
  1347 | D:2      | Found Animm's Jewellery Shop.
  1366 | D:2      | 1366 ||| SHOPLISTING +5 ring of evasion (504 gold, have
                  | 48).
  1366 | D:2      | 1366 ||| SHOPLISTING amulet of the acrobat (420 gold, have
                  | 48).
  1366 | D:2      | 1366 ||| SHOPLISTING ring of fire (350 gold, have 48).
  1366 | D:2      | 1366 ||| SHOPLISTING ring of ice (350 gold, have 48).
  1406 | D:2      | Reached skill level 1 in Armour
  1534 | D:2      | Reached XP level 4. HP: 28/28 MP: 5/5
  1579 | D:2      | Noticed Jessica
  1590 | D:2      | 1590 ||| INVOKING Fiery Armour.
  1591 | D:2      | Killed Jessica
  1964 | D:2      | 1964 ||| UPGRADING to +0 cloak.
  1969 | D:2      | 1969 ||| DROPPING amulet of magic regeneration.
  1970 | D:2      | 1970 ||| READING scroll labelled CYWEARASET.
  1971 | D:2      | 1971 ||| READING scroll labelled BEOTZE YWISAO.
  1972 | D:2      | 1972 ||| READING scroll labelled BAP LYGUATEAPI.
  1975 | D:2      | 1975 ||| DRINKING 2 ruby potions.
  1976 | D:2      | 1976 ||| READING 2 scrolls of identify.
  1976 | D:2      | 1976 ||| IDENTIFYING viscous black potion
  2005 | D:3      | 2005 ||| STAIRDANCE
  2065 | D:3      | Found a hazy altar of Hepliaklqana.
  2065 | D:3      | Found a bloodstained altar of Trog.
  2065 | D:3      | Found a shimmering altar of Xom.
  2065 | D:3      | Found a stormy altar of Qazlal.
  2066 | D:3      | Found an opulent altar of Gozag.
  2066 | D:3      | Found a white marble altar of Elyvilon.
  2067 | D:3      | Found a sparkling altar of Nemelex Xobeh.
  2072 | D:3      | Found a shadowy altar of Dithmenos.
  2072 | D:3      | Found a blossoming altar of Fedhas.
  2073 | D:3      | Found a glowing silver altar of Zin.
  2222 | D:3      | 2222 ||| UPGRADING to +0 scale mail.
  2232 | D:3      | 2232 ||| DROPPING +0 ring mail.
  2266 | D:3      | 2266 ||| READING scroll labelled ILARUJUG RENGAO.
  2314 | D:3      | Noticed Terence
  2331 | D:3      | 2331 ||| INVOKING Fiery Armour.
  2331 | D:3      | HP: 6/28 [orc/+0 hand axe (6)]
  2331 | D:3      | HP: 2/28 [Terence/+3 hand axe of distortion (4)]
  2333 | D:3      | Killed Terence
  2334 | D:3      | Reached skill level 5 in Axes
  2334 | D:3      | Reached XP level 5. HP: 2/32 MP: 6/6
  2342 | D:3      | 2342 ||| Stepping ~*~*~tactically~*~*~ (stealth).
  2361 | D:3      | 2361 ||| Stepping ~*~*~tactically~*~*~ (stealth).
  2457 | D:3      | 2457 ||| SWAPPING to +0 war axe.
  2458 | D:3      | 2458 ||| DROPPING -1 hand axe of freezing.
  2506 | D:3      | 2506 ||| READING scroll labelled EHIYRE JACZEDD.
  2512 | D:3      | 2512 ||| INVOKING Fiery Armour.
  2512 | D:3      | HP: 3/33 [gnoll sergeant/+3 trident of pain (11)]
  2512 | D:3      | Killed by an exploding gnoll sergeant... ignited by their
                  | inner flame

Levels and vault maps discovered:
D:1:      amcnicky_arrival_single_pillar, layout_basic, serial_shops,
          nicolae_shop_just_a_little_nook, minmay_misc_feat_columns, hex_tiny
D:2:      layout_basic, serial_shops, nicolae_shop_peninsula, uniq_jessica
D:3:      lemuel_castle_with_subvaults [lemuel_castle_interior_carwin_2],
          layout_basic, nicolae_overflows_in_rows, uniq_terence

Skill      XL: |  1  2  3  4 |
---------------+-------------+-----
Axes           | 3 4 5 |  5.0
Armour         | 1 |  1.2
Fighting       | |  3.6
Spellcasting   | |  1.0
Fire Magic     | |  3.0

Action                     |  1- 3 |  4- 6 || total
---------------------------+-------+-------++-------
  Melee: Hand axe          |   127 |    97 ||   224
         War axe           |       |     1 ||     1
 Invoke: Fiery Armour      |       |     3 ||     3
    Use: Scroll            |     3 |     6 ||     9
         Potion            |       |     1 ||     1
 Armour: Robe              |    20 |       ||    20
         Ring mail         |    21 |    32 ||    53
         Scale mail        |       |    16 ||    16
  Dodge: Dodged            |    73 |    81 ||   154

Table legend:
 A = Non-vault XP
 B = Vault XP
 C = Vault XP percentage of total XP
 D = Non-vault monster count
 E = Vault monster count
 F = Vault count percentage of total count
                 A         B        C        D         E       F
            +---------+---------+-------+---------+---------+-------
      Total |     112 |     211 |  65.3 |      47 |      11 |  19.0
            +---------+---------+-------+---------+---------+-------
        D:1 |      34 |       0 |   0.0 |      23 |       0 |   0.0
        D:2 |      63 |      37 |  37.0 |      16 |       1 |   5.9
        D:3 |      15 |     174 |  92.1 |       8 |      10 |  55.6
            +---------+---------+-------+---------+---------+-------
